 Dungeon Crawl Stone Soup version 0.31-a0-1529-g7bd419a0e5 (webtiles) character file.

Game seed: 7593801861282725988

124 wildpjah the Slasher (level 4, -1/33 HPs)
             Began as a Demonspawn Gladiator on Dec 31, 2023.
             Slain by a cerulean imp
             ... wielding a +2 spear
             ... summoned by Natasha
              (5 damage)
             ... on level 3 of the Dungeon.
             The game lasted 00:02:33 (2024 turns).

wildpjah the Slasher (Demonspawn Gladiator)         Turns: 2024, Time: 00:02:33

Health: -1/33      AC:  9    Str: 15    XL:     4   Next: 81%
Magic:  4/4        EV:  8    Int:  8    God:
Gold:   103        SH:  0    Dex: 16    Spells: 3/3 levels left

rFire   . . .        a - +0 long sword
rCold   . . .        (no shield)
rNeg    . . .        t - +0 chain mail
rPois   .            c - +0 helmet
rElec   .            (no cloak)
rCorr   .            (no gloves)
SInv    .            (no boots)
Will    .....        (no amulet) Stlth
                     (no ring)
HPRegen 0.25/turn    (no ring)
MPRegen 0.18/turn

%: no passive effects
@: slowed, very slow
A: magic regeneration
a: no special abilities


You were on level 3 of the Dungeon.
You visited 1 branch of the dungeon, and saw 3 of its levels.

You collected 103 gold pieces.

Inventory:

Hand Weapons
 a - a +0 long sword (weapon)
Missiles
 d - 2 throwing nets (quivered)
 e - a javelin
 f - 4 poisoned darts
Armour
 b - a +0 leather armour
 c - a +0 helmet (worn)
 t - a +0 chain mail (worn)
Scrolls
 g - 2 scrolls of identify {unknown}
 i - a scroll of teleportation {unknown}
 j - a scroll of amnesia {unknown}
 k - a scroll of brand weapon {unknown}
 l - a scroll of poison {unknown}
 m - a scroll of enchant armour {unknown}
 n - a scroll of butterflies {unknown}
 o - a scroll of fear {unknown}
 p - a scroll of torment {unknown}
 q - a scroll of fog {unknown}
Potions
 h - a potion of ambrosia {unknown}
 r - a potion of heal wounds {unknown}
 s - a potion of haste {unknown}


   Skills:
 + Level 2.2 Fighting
 + Level 4.0 Long Blades
 + Level 2.0 Throwing
 + Level 1.2 Armour
 + Level 3.3 Dodging
 + Level 0.5 Stealth


You had 3 spell levels left.
You didn't know any spells.
Your spell library was empty.

Dungeon Overview and Level Annotations

Branches:
Dungeon (3/15)

Altars:

Shops:
D:1 ?

Annotations:
D:3 Natasha


Innate Abilities, Weirdness & Mutations

You regenerate magic rapidly.


Message History

You hit Natasha.
Natasha is moderately wounded.
Natasha claws you but does no damage.
The cerulean imp hits you but does no damage.
The cerulean imp hits you with a +2 spear.
Natasha claws you but does no damage.
You hit Natasha but do no damage.
Natasha is moderately wounded.
The cerulean imp hits you from afar with a +0 spear.
The cerulean imp hits you with a +2 spear.
Natasha casts a spell at you. The magic dart hits you.
The cerulean imp hits you from afar with a +0 spear.
The cerulean imp hits you but does no damage.
Natasha closely misses you.
You miss Natasha.
Natasha is moderately wounded.
The cerulean imp hits you from afar with a +0 spear.
The cerulean imp hits you with a +2 spear.
Natasha casts a spell.
The cerulean imp hits you from afar with a +0 spear.
* * * LOW HITPOINT WARNING * * *
The cerulean imp completely misses you.
Natasha stares at you and mumbles some strange words.
The magic dart hits you.
* * * LOW HITPOINT WARNING * * *
You closely miss Natasha.
Natasha is moderately wounded.
The cerulean imp disappears in a puff of smoke!
The cerulean imp hits you but does no damage.
Natasha hisses.
Natasha mumbles some strange words.
The cerulean imp hits you but does no damage. x2
Natasha completely misses you.
You hit Natasha but do no damage.
Natasha is moderately wounded.
The cerulean imp hits you but does no damage. x2
Natasha claws you but does no damage.
The cerulean imp hits you from afar with a +2 spear.
You die...

### ....###### ###.#######
....... #. ?........###
........#.# #..........
........#.####.......####.>
....##.........55..........
....##.....###5h...†.......
...####.....###.@..........
........#.....#........... ..
#)#......#....#........... ...
#.##.###..###........###.# ##.###
#.##.# ##............# #.# #.....
..##.######..........###.# #.....
.........#...........).#.# #.....
........)............#...###.....
.........###.....................


You could see Natasha and 3 cerulean imps.

Vanquished Creatures
  Natasha (twice) (D:3)
  3 dart slugs
  4 orcs
  6 ball pythons
  5 endoplasms (D:1)
  A giant cockroach (D:1)
  4 goblins
  4 hobgoblins
  8 jackals (D:1)
  5 kobolds
  6 bats
  4 frilled lizards
  6 rats
58 creatures vanquished.

Notes
Turn   | Place    | Note
-------+----------+-------------------------------------------
     0 | D:1      | wildpjah the Demonspawn Gladiator began the quest for the
                  | Orb.
     0 | D:1      | Reached XP level 1. HP: 16/16 MP: 1/1
    91 | D:1      | Gained mutation: You regenerate magic rapidly. [demonic
                  | ancestry]
    91 | D:1      | Reached XP level 2. HP: 22/22 MP: 2/2
   110 | D:1      | Reached skill level 3 in Long Blades
   275 | D:1      | Reached XP level 3. HP: 19/27 MP: 3/3
   315 | D:1      | Found Ygher's Magic Scroll Shop.
  1738 | D:3      | Noticed a great orb of eyes
  1739 | D:3      | Noticed Natasha
  1740 | D:3      | Found a faded altar of an unknown god.
  1741 | D:3      | Noticed a golden eye
  1741 | D:3      | Noticed a golden eye
  1741 | D:3      | Noticed an eye of devastation
  1745 | D:3      | Killed Natasha
  1746 | D:3      | Reached skill level 1 in Armour
  1746 | D:3      | Reached XP level 4. HP: 25/33 MP: 4/4
  1960 | D:3      | Noticed Natasha
  1982 | D:3      | Killed Natasha
  1983 | D:3      | Reached skill level 4 in Long Blades
  2013 | D:3      | Noticed Natasha
  2024 | D:3      | Slain by a cerulean imp

Illustrated notes

Levels and vault maps discovered:
D:1:      minmay_arrival_four_loops, layout_basic, serial_shops, shop
D:2:      layout_basic, serial_bayou, serial_bayou_pond_c, serial_bayou_pond_e,
          serial_bayou_lagoon_a, serial_bayou_pond_c, serial_bayou_crossing,
          st_stairs_9
D:3:      layout_rooms, hellmonk_ecumenical_altar_watching_god,
          chequers_serial_rivers_small_3, uniq_natasha

Skill      XL: |  1  2  3  4 |
---------------+-------------+-----
Dodging        | 3 |  3.3
Long Blades    | 3 4 |  4.0
Armour         | 1 |  1.2
Throwing       | 2 |  2.0
Fighting       | |  2.2
Stealth        | |  0.5

Action                     |  1- 3 |  4- 6 || total
---------------------------+-------+-------++-------
  Melee: Long sword        |   152 |    34 ||   186
         Punch             |     1 |       ||     1
  Throw: Throwing net      |     3 |       ||     3
   Stab: Sleeping          |     4 |       ||     4
 Armour: Leather armour    |   107 |     4 ||   111
         Chain mail        |       |    40 ||    40
  Dodge: Dodged            |   151 |    19 ||   170

Table legend: (Time is in decaauts)
 A = Elapsed time spent in this place.
 B = Non-inter-level travel time spent in this place.
 C = Inter-level travel time spent in this place.
 D = Time resting spent in this place.
 E = Time spent auto-exploring this place.
 F = Levels seen in this place.
 G = Mean time per level.
                   A        B        C        D        E       F      G
               +--------+--------+--------+--------+--------+-----+--------+
         Total |   2108 |   2054 |     54 |     86 |   1489 |   3 |  702.7 |
       Dungeon |   2108 |   2054 |     54 |     86 |   1489 |   3 |  702.7 |
               +--------+--------+--------+--------+--------+-----+--------+

Top non-repeatable levels by time:
     D:1: 910 daAuts
     D:2: 842 daAuts
     D:3: 355 daAuts
